 Dungeon Crawl Stone Soup version 0.29.0-4-gdea44cf6ec (webtiles) character file.

Game seed: 5170309382817358041

35 qw the Vexing (level 3, -1/35 HPs)
             Began as an Ogre Enchanter on Sept 3, 2022.
             Slain by a worm (8 damage)
             ... on level 2 of the Dungeon.
             The game lasted 00:01:01 (1106 turns).

qw the Vexing (Ogre Enchanter)                      Turns: 1106, Time: 00:01:02

Health: -1/35      AC:  3    Str: 14    XL:     3   Next: 35%
Magic:  6/6        EV:  9    Int: 16    God:
Gold:   62         SH:  0    Dex:  9    Spells: 6/6 levels left

rFire   . . .      SeeInvis .   Y - +0 mace
rCold   . . .      Faith    .   (no shield)
rNeg    . . .      Spirit   .   b - +0 robe
rPois   +          Reflect  .   (helmet restricted)
rElec   .          Harm     .   (no cloak)
rCorr   .          Rampage  .   (gloves unavailable)
Will    .....                   (boots unavailable)
Stlth   ++........              (no amulet)
HPRegen 0.11/turn               e - ring of poison resistance
MPRegen 0.10/turn               (no ring)

@: no status effects
A: large, unfitting armour, tough skin 1
a: no special abilities


You were on level 2 of the Dungeon.
You visited 1 branch of the dungeon, and saw 2 of its levels.

You collected 62 gold pieces.


Innate Abilities, Weirdness & Mutations

You are too large for most types of armour.
You have tough skin. (AC +1)


   Skills:
 - Level 2.0 Fighting
 - Level 0.8 Short Blades
 + Level 2.3 Axes
 - Level 1.7 Dodging
 - Level 2.1 Stealth
 - Level 2.4 Spellcasting
 - Level 2.6 Hexes


You had 6 spell levels left.
You didn't know any spells.
Your spell library contained the following spells:

 Spells                   Type           Power      Damage    Failure   Level
 Ensorcelled Hibernation  Hex/Ice        12%        N/A       17%         2
 Confusing Touch          Hex            10%        N/A       21%         3
 Tukima's Dance           Hex            10%        N/A       21%         3
 Dazzling Flash           Conj/Hex       12%        N/A       34%         3

Inventory:

Hand Weapons
 Y - a +0 mace (weapon)
Armour
 b - a +0 robe (worn)
Jewellery
 e - a ring of poison resistance (left hand)
Scrolls
 a - a scroll of identify
Potions
 g - a potion of mutation
 h - a potion of heal wounds {unknown}
 j - a potion of flight {unknown}

Dungeon Overview and Level Annotations

Branches:
Dungeon (2/15)

Altars:


Message History

HP restored.
Done exploring.
(D) Dungeon
Where to? (* - list waypoints, Enter - D:2, ? - help)
What level of the Dungeon? (default 1, ? - help)
You climb downwards.
The ball python closely misses you. The ball python bites you.
There is a stone staircase leading up here.
You closely miss the ball python. The ball python completely misses you.
The ball python barely misses you.
You hit the ball python.
You kill the ball python!
You start resting.
HP restored.
You see here a ball python corpse.
A worm comes into view.
You hit the worm.
The worm is lightly wounded.
The worm bites you.
You hit the worm but do no damage.
The worm is lightly wounded.
The worm bites you!
You barely miss the worm. You hit the worm but do no damage.
The worm bites you.
You hit the worm.
The worm is moderately wounded.
The worm closely misses you.
You sock the worm!
The worm is severely wounded.
The worm bites you.
You hit the worm but do no damage.
The worm is heavily wounded.
The worm bites you!
You hit the worm.
The worm is severely wounded.
You hit the worm.
The worm is almost dead.
The worm bites you!
You die...

# .# #.## ...
...
#####.#######
#...w.......#
#.#@#.###.#.#
#.#.#. #.#.#
#.#.#.###.#.#
#.#.#...#.#[#
#.#.###.#.#.#
#.#...<..>..#
#.#####...####
#.......%....+
#####.#<..####


You could see a worm.

Vanquished Creatures
  A dart slug (D:1)
  2 bats (D:1)
  8 endoplasms (D:1)
  A giant cockroach (D:1)
  A goblin (D:1)
  5 hobgoblins (D:1)
  A quokka (D:1)
  4 ball pythons
  A frilled lizard (D:1)
  A kobold (D:1)
  4 rats (D:1)
29 creatures vanquished.

Vanquished Creatures (others)
  2 plants (D:1)
2 creatures vanquished.

Grand Total: 31 creatures vanquished

Notes
Turn   | Place    | Note
-------+----------+-------------------------------------------
     0 | D:1      | qw the Ogre Enchanter began the quest for the Orb.
     0 | D:1      | Reached XP level 1. HP: 16/16 MP: 3/3
     0 | D:1      | 0 ||| qw: Version: 0.1-a-102-g441f92d
     0 | D:1      | 0 ||| qw: Game counter: 5118
     0 | D:1      | 0 ||| qw: Always use a shield: true
     0 | D:1      | 0 ||| qw: God list: Okawaru
     0 | D:1      | 0 ||| qw: Allow faded altars: false
     0 | D:1      | 0 ||| qw: Do Orc after D:15 true
     0 | D:1      | 0 ||| qw: Do second Lair branch before Depths: true
     0 | D:1      | 0 ||| qw: Lair rune preference: random
     0 | D:1      | 0 ||| qw: Plans: Normal
     0 | D:1      | 0 ||| PLANNING D:1-11
    97 | D:1      | 97 ||| Stepping ~*~*~tactically~*~*~ (stealth).
   110 | D:1      | 110 ||| Stepping ~*~*~tactically~*~*~ (stealth).
   114 | D:1      | 114 ||| Stepping ~*~*~tactically~*~*~ (stealth).
   115 | D:1      | 115 ||| Stepping ~*~*~tactically~*~*~ (stealth).
   126 | D:1      | Reached skill level 1 in Axes
   142 | D:1      | 142 ||| Stepping ~*~*~tactically~*~*~ (stealth).
   145 | D:1      | 145 ||| Stepping ~*~*~tactically~*~*~ (stealth).
   203 | D:1      | 203 ||| Stepping ~*~*~tactically~*~*~ (stealth).
   247 | D:1      | 247 ||| Stepping ~*~*~tactically~*~*~ (stealth).
   248 | D:1      | 248 ||| Stepping ~*~*~tactically~*~*~ (stealth).
   249 | D:1      | 249 ||| Stepping ~*~*~tactically~*~*~ (stealth).
   370 | D:1      | Reached skill level 1 in Fighting
   370 | D:1      | Reached XP level 2. HP: 24/27 MP: 5/5
   606 | D:1      | 606 ||| SWAPPING to +8 dagger.
   607 | D:1      | 607 ||| DROPPING +1 dagger.
   648 | D:1      | 648 ||| Stepping ~*~*~tactically~*~*~ (stealth).
   650 | D:1      | 650 ||| Stepping ~*~*~tactically~*~*~ (stealth).
   665 | D:1      | 665 ||| Stepping ~*~*~tactically~*~*~ (stealth).
   723 | D:1      | Reached XP level 3. HP: 35/35 MP: 6/6
   923 | D:1      | 923 ||| SWAPPING to +0 mace.
   924 | D:1      | 924 ||| DROPPING +8 dagger.
   947 | D:1      | Found a faded altar of an unknown god.
   969 | D:1      | 969 ||| UPGRADING to ring of poison resistance.
   970 | D:1      | 970 ||| DROPPING ring of flight.
   971 | D:1      | 971 ||| READING 4 scrolls labelled LIG EDIGOIL.
   972 | D:1      | 972 ||| READING 3 scrolls of identify.
   972 | D:1      | 972 ||| IDENTIFYING lumpy silvery potion
   973 | D:1      | 973 ||| READING 2 scrolls of identify.
   973 | D:1      | 973 ||| IDENTIFYING fuming sapphire potion
   974 | D:1      | 974 ||| DROPPING 2 potions of invisibility.
   975 | D:1      | 975 ||| DROPPING potion of degeneration.
  1016 | D:2      | 1016 ||| STAIRDANCE
  1104 | D:2      | HP: 6/35 [worm (7)]
  1106 | D:2      | Slain by a worm

Levels and vault maps discovered:
D:1:      dpeg_arrival_snail, layout_rooms,
          dreamdust_ecumenical_altar_angels_and_demons, serial_bayou_pond_b
D:2:      layout_loops_corners

Skill      XL: |  1  2  3 |
---------------+----------+-----
Axes           | 1 2 |  2.3
Fighting       | 1 2 |  2.0
Short Blades   | |  0.8
Dodging        | |  1.7
Stealth        | |  2.1
Spellcasting   | |  2.4
Hexes          | |  2.6

Action                   || total
-------------------------++-------
Melee: Dagger            ||    80
       Mace              ||    14
  Use: Scroll            ||     3
 Stab: Sleeping          ||     1
Armor: Robe              ||    17
Dodge: Dodged            ||    30

Table legend:
 A = Non-vault XP
 B = Vault XP
 C = Vault XP percentage of total XP
 D = Non-vault monster count
 E = Vault monster count
 F = Vault count percentage of total count
                 A         B        C        D         E       F
            +---------+---------+-------+---------+---------+-------
      Total |      48 |       3 |   5.9 |      27 |       2 |   6.9
            +---------+---------+-------+---------+---------+-------
        D:1 |      47 |       3 |   6.0 |      26 |       2 |   7.1
        D:2 |       1 |       0 |   0.0 |       1 |       0 |   0.0
            +---------+---------+-------+---------+---------+-------
